 Dungeon Sprint DCSS version 0.31-a0-408-gb642c7f9a3 (webtiles) character file.

Game seed: 2164324962712127998

24588 rocky1 the Martial Artist (level 13, -1/111 HPs)
             Began as a Gnoll Shapeshifter on July 29, 2023.
             Was a High Priest of Okawaru.
             Hit by a large rock thrown by a cyclops (14 damage)
             ... in the Dungeon (Sprint VII: "The Pits").
             The game lasted 00:17:34 (5686 turns).

rocky1 the Martial Artist (Gnoll Shapeshifter)      Turns: 5686, Time: 00:17:35

Health: -1/111     AC: 23    Str: 17    XL:     13   Next: 14%
Magic:  25/30      EV:  9    Int: 14    God:    Okawaru [*****.]
Gold:   11         SH:  0    Dex: 15    Spells: 38/38 levels left

rFire   + .          .
                       - Unarmed
rCold   + . .        (no shield)
rNeg    . . .        i - +2 gold dragon scales
rPois   +            (helmet currently unavailable)
rElec   .            (cloak currently unavailable)
rCorr   .            (gloves currently unavailable)
SInv    .            (boots currently unavailable)
Will    .....        (no amulet) Stlth
                     h - +3 ring of intelligence
HPRegen 0.38/turn    o - +3 ring of strength
MPRegen 0.22/turn

%: no teleportation
@: beast-form, heroic, finesse-ful, hasted, very quick
A: beast (slay +7), fangs 1, strong nose, distributed training
a: Begin Untransformation, Renounce Religion, Heroism, Finesse


You were in the Dungeon.
You worshipped Okawaru.
Okawaru was extremely pleased with you.
You were a hulking beast.
You visited 1 branch You collected 11 gold pieces.

Inventory:

Hand Weapons
 e - the +2 scimitar "Fynu" {vamp, rElec rPois Str-2}
   (You found it in the Dungeon)

   Str:       It affects your strength (-2).
   rElec:     It insulates you from electricity.
   rPois:     It protects you from poison.
 v - a +2 antimagic hand crossbow
Missiles
 n - 2 silver boomerangs
 r - 3 silver javelins
 u - 5 poisoned darts
 w - 4 atropa-tipped darts
 x - 3 javelins (quivered)
Armour
 a - a +1 cloak
 i - +2 gold dragon scales (worn)
 j - a +1 pair of gloves
 m - a +1 tower shield
 s - a +5 ring mail
 t - the scarf "Wamef" {repulsion, rF+}
   (Okawaru gifted it to you in the Dungeon)

   rF:        It protects you from fire.
 z - a +1 cloak
Jewellery
 h - a +3 ring of intelligence (left hand)
 o - a +3 ring of strength (right hand)
Talismans
 c - a beast talisman
Wands
 y - a wand of quicksilver (7)
Scrolls
 k - 5 scrolls of amnesia
Potions
 b - a potion of lignification
 d - 4 potions of curing
 g - 4 potions of magic
 p - a potion of brilliance
 q - a potion of mutation


   Skills:
 + Level 13.2(18.2) Fighting
 + Level 13.0(18.0) Short Blades
 + Level 13.0(18.0) Long Blades
 + Level 13.0(18.0) Axes
 + Level 13.0(18.0) Maces & Flails
 + Level 13.0(18.0) Polearms
 + Level 13.0(18.0) Staves
 + Level 13.0(18.0) Ranged Weapons
 + Level 13.0(18.0) Throwing
 + Level 13.0(18.0) Armour
 + Level 13.7(18.7) Dodging
 + Level 13.0(18.0) Stealth
 + Level 13.0(18.0) Shields
 + Level 14.4(19.4) Unarmed Combat
 + Level 13.0 Spellcasting
 + Level 11.0 Conjurations
 + Level 11.0 Hexes
 + Level 11.0 Summonings
 + Level 11.0 Necromancy
 + Level 11.0 Translocations
 + Level 11.0 Transmutations
 + Level 11.0 Fire Magic
 + Level 11.0 Ice Magic
 + Level 11.0 Air Magic
 + Level 11.0 Earth Magic
 + Level 11.0 Poison Magic
 + Level 14.1 Invocations
 + Level 13.0 Evocations
 + Level 12.7 Shapeshifting


You had 38 spell levels left.
You didn't know any spells.
Your spell library was empty.

Dungeon Overview and Level Annotations

Branches:
Dungeon (1/1)

Altars:
Ashenzari
Cheibriados
Dithmenos
Elyvilon
Fedhas
Gozag
Hepliaklqana
Kikubaaqudgha
Makhleb
Nemelex Xobeh
Okawaru
Qazlal
Ru
Sif Muna
Trog
Uskayaw
Vehumet
Wu Jian
Xom
Yredelemnul
Zin
The Shining One
Jiyva
Lugonu


Innate Abilities, Weirdness & Mutations

You are a hulking beast.
Your limbs bulge with bestial killing power. (Slay +7)
You have very sharp teeth.
Your uncanny sense of smell can sniff out nearby items.
Your experience applies equally to all skills.


Message History

Okawaru will now gift you equipment as you gain piety.
The skeletal warrior hits you from afar with a +0 glaive of protection!
* * * LOW HITPOINT WARNING * * *
Your life force feels restored.
Your Conjurations skill increases to level 11!
Your Hexes skill increases to level 11!
Your Summonings skill increases to level 11!
Your Necromancy skill increases to level 11!
Your Translocations skill increases to level 11!
Your Transmutations skill increases to level 11!
Your Fire Magic skill increases to level 11!
Your Ice Magic skill increases to level 11!
Your Air Magic skill increases to level 11!
Your Earth Magic skill increases to level 11!
Your Poison Magic skill increases to level 11!
Your Invocations skill increases to level 14!
You barely miss the redback.
The redback is moderately wounded.
The cyclops barely misses you.
You pummel the redback!!
You kill the redback!
Okawaru accepts your kill.
Your base Short Blades skill increases to level 13!
Your base Long Blades skill increases to level 13!
Your base Axes skill increases to level 13!
Your base Maces & Flails skill increases to level 13!
Your base Polearms skill increases to level 13!
Your base Staves skill increases to level 13!
Your base Ranged Weapons skill increases to level 13!
Your base Throwing skill increases to level 13!
Your base Armour skill increases to level 13!
Your base Stealth skill increases to level 13!
Your base Shields skill increases to level 13!
Your Spellcasting skill increases to level 13!
Your Evocations skill increases to level 13!
You feel yourself speed up.
The skeletal warrior closely misses you.
Unknown command.
The cyclops throws a large rock.
The large rock hits you!
You die...

...........''..##########).##'###
.#).#......##......[...[...#))))#
...........##......).......#))))#
####''###########################
..##))######### ##
..##.)....#...+ ...
..##....###...### ...#
..##...##.+...÷.## ...#
..##..##..##'##)h##w..#
..##..#..##...##..†...#
..##..#..#.....#zC#...#
####..'..'.....+..' ..+
####..#..#.....#..#. .#
.[##..#..##...##..'.. #
[[##..##..##)##..## ..
))##..†##.'..)+.## ...
).##....###...## ...


You could see a skeletal warrior and a cyclops.

Vanquished Creatures
  A shadow dragon (D)
  A nagaraja (D)
  An emperor scorpion (D)
  A fire giant (D)
  2 orc warlords (D)
  4 vault guards (D)
  2 hydras (D)
  A death yak (D)
  An alligator snapping turtle (D)
  3 naga warriors (D)
  2 orc high priests (D)
  3 deep elf knights (D)
  A shadow wraith (D)
  A bog body (D)
  9 orc knights (D)
  Maurice (D)
  A yaktaur (D)
  2 hellwings (D)
  A troll (D)
  A wandering mushroom (D)
  A tyrant leech (D)
  Grinder (D)
  A snapping turtle (D)
  2 jumping spiders (D)
  A culicivora (D)
  A neqoxec (D)
  4 redbacks (D)
  3 vampire mosquitoes (D)
  A warg (D)
  A floating eye (D)
  Duvessa (D)
  A swamp drake (D)
  A black bear (D)
  3 wolves (D)
  4 orc warriors (D)
  2 ogres (D)
  2 centaurs (D)
  A phantom (D)
  2 kobold brigands (D)
  A small abomination (D)
  A bullfrog (D)
  Dowan (D)
  2 orc priests (D)
  2 gnoll boudas (D)
  2 orc wizards (D)
  A mummy (D)
  5 gnolls (D)
  A white imp (D)
  An ufetubus (D)
  An adder skeleton (D)
  2 worms (D)
  7 orcs (D)
  3 ball pythons (D)
  A goblin (D)
  A hobgoblin (D)
  A frilled lizard (D)
  2 rats (D)
107 creatures vanquished.

Notes
Turn   | Place    | Note
-------+----------+-------------------------------------------
     0 | D        | rocky1 the Gnoll Shapeshifter began the quest for the Orb.
     0 | D        | Reached XP level 1. HP: 17/17 MP: 1/1
    23 | D        | Found a bloodstained altar of Trog.
    23 | D        | Found a shimmering blue altar of Sif Muna.
    23 | D        | Found a viscous altar of Jiyva.
    23 | D        | Found a hazy altar of Hepliaklqana.
    23 | D        | Found an opulent altar of Gozag.
    24 | D        | Found a glowing golden altar of the Shining One.
    24 | D        | Found a glowing silver altar of Zin.
    24 | D        | Found a basalt altar of Yredelemnul.
    24 | D        | Found a shimmering altar of Xom.
    24 | D        | Found an ornate altar of the Wu Jian Council.
    24 | D        | Found a sacrificial altar of Ru.
    24 | D        | Found a stormy altar of Qazlal.
    24 | D        | Found an iron altar of Okawaru.
    24 | D        | Found a sparkling altar of Nemelex Xobeh.
    24 | D        | Found a burning altar of Makhleb.
    24 | D        | Found a blossoming altar of Fedhas.
    24 | D        | Found a white marble altar of Elyvilon.
    24 | D        | Found a shadowy altar of Dithmenos.
    24 | D        | Found a snail-covered altar of Cheibriados.
    27 | D        | Found a corrupted altar of Lugonu.
    27 | D        | Found a radiant altar of Vehumet.
    28 | D        | Found an ancient bone altar of Kikubaaqudgha.
    28 | D        | Found a hide-covered altar of Uskayaw.
    28 | D        | Found a broken altar of Ashenzari.
    32 | D        | Became a worshipper of Warmaster Okawaru
    77 | D        | Reached skill level 1 in Short Blades
    77 | D        | Reached skill level 1 in Long Blades
    77 | D        | Reached skill level 1 in Axes
    77 | D        | Reached skill level 1 in Maces & Flails
    77 | D        | Reached skill level 1 in Polearms
    77 | D        | Reached skill level 1 in Staves
    77 | D        | Reached skill level 1 in Ranged Weapons
    77 | D        | Reached skill level 1 in Throwing
    77 | D        | Reached skill level 1 in Armour
    77 | D        | Reached skill level 1 in Stealth
    77 | D        | Reached skill level 1 in Shields
    77 | D        | Reached skill level 1 in Spellcasting
    77 | D        | Reached skill level 1 in Invocations
    77 | D        | Reached skill level 1 in Evocations
    77 | D        | Reached XP level 2. HP: 3/23 MP: 1/3
   201 | D        | Noticed a floating eye
   204 | D        | Killed a floating eye
   204 | D        | Reached * piety under Okawaru
   205 | D        | Reached skill level 5 in Dodging
   205 | D        | Reached XP level 3. HP: 30/30 MP: 3/7
   205 | D        | Reached XP level 4. HP: 37/37 MP: 3/8
   416 | D        | Noticed a centaur
   424 | D        | Reached XP level 5. HP: 27/42 MP: 9/9
   432 | D        | Killed a centaur
   432 | D        | Reached ** piety under Okawaru
   525 | D        | Noticed Duvessa
   525 | D        | Noticed Dowan
   525 | D        | Noticed a kobold brigand
   534 | D        | Killed a kobold brigand
   535 | D        | Reached skill level 5 in Fighting
   535 | D        | Reached XP level 6. HP: 51/51 MP: 9/12
   540 | D        | Killed Duvessa
   541 | D        | Reached skill level 5 in Invocations
   557 | D        | Killed Dowan
   558 | D        | Reached skill level 5 in Short Blades
   558 | D        | Reached skill level 5 in Long Blades
   558 | D        | Reached skill level 5 in Axes
   558 | D        | Reached skill level 5 in Maces & Flails
   558 | D        | Reached skill level 5 in Polearms
   558 | D        | Reached skill level 5 in Staves
   558 | D        | Reached skill level 5 in Ranged Weapons
   558 | D        | Reached skill level 5 in Throwing
   558 | D        | Reached skill level 5 in Armour
   558 | D        | Reached skill level 5 in Stealth
   558 | D        | Reached skill level 5 in Shields
   558 | D        | Reached skill level 5 in Spellcasting
   558 | D        | Reached skill level 5 in Evocations
   609 | D        | Reached XP level 7. HP: 58/58 MP: 14/14
   631 | D        | Reached *** piety under Okawaru
   748 | D        | Noticed Grinder
   748 | D        | Noticed an orc knight
   757 | D        | Reached skill level 5 in Conjurations
   757 | D        | Reached skill level 5 in Hexes
   757 | D        | Reached skill level 5 in Summonings
   757 | D        | Reached skill level 5 in Necromancy
   757 | D        | Reached skill level 5 in Translocations
   757 | D        | Reached skill level 5 in Transmutations
   757 | D        | Reached skill level 5 in Fire Magic
   757 | D        | Reached skill level 5 in Ice Magic
   757 | D        | Reached skill level 5 in Air Magic
   757 | D        | Reached skill level 5 in Earth Magic
   757 | D        | Reached skill level 5 in Poison Magic
   770 | D        | Killed an orc knight
   771 | D        | Reached XP level 8. HP: 40/67 MP: 15/17
   783 | D        | Reached **** piety under Okawaru
   789 | D        | Killed Grinder
   979 | D        | Got the +2 scimitar "Fynu" {vamp, rElec rPois Str-2}
  1165 | D        | Noticed a jumping spider
  1173 | D        | Killed a jumping spider
  1174 | D        | Reached XP level 9. HP: 54/74 MP: 19/19
  1315 | D        | Noticed a tyrant leech
  1315 | D        | Noticed a yaktaur
  1322 | D        | Killed a yaktaur
  1323 | D        | Reached skill level 10 in Unarmed Combat
  1326 | D        | Killed a tyrant leech
  1329 | D        | Received a gift from Okawaru
  1472 | D        | Noticed an orc high priest
  1474 | D        | Noticed an alligator snapping turtle
  1501 | D        | Killed an orc high priest
  1501 | D        | Reached ***** piety under Okawaru
  1501 | D        | Received a gift from Okawaru
  1593 | D        | Killed an alligator snapping turtle
  1594 | D        | Reached XP level 10. HP: 40/83 MP: 13/22
  1762 | D        | Noticed an eight-headed hydra
  1762 | D        | Noticed an orc knight
  1762 | D        | Noticed an orc knight
  1762 | D        | Noticed an orc knight
  1762 | D        | Noticed an orc knight
  1762 | D        | Noticed an orc knight
  1762 | D        | Noticed an orc knight
  1763 | D        | Noticed an orc warlord
  1763 | D        | Noticed an orc warlord
  1837 | D        | Killed an orc knight
  1838 | D        | Reached skill level 10 in Dodging
  1838 | D        | Reached skill level 10 in Shapeshifting
  1841 | D        | HP: 1/83 [orc knight/+0 battleaxe (18)]
  1849 | D        | Killed an orc knight
  1850 | D        | Reached skill level 10 in Invocations
  2079 | D        | Upgraded the game from 0.31-a0-369-g8eba5f6939 to
                  | 0.31-a0-408-gb642c7f9a3
  2123 | D        | Noticed a deep elf knight
  2133 | D        | Killed a deep elf knight
  2133 | D        | Received a gift from Okawaru
  2133 | D        | Received a gift from Okawaru
  2375 | D        | Noticed a bog body
  2381 | D        | Killed a bog body
  2395 | D        | Noticed an orc knight
  2426 | D        | Killed an eight-headed hydra
  2427 | D        | Reached skill level 10 in Fighting
  2448 | D        | Killed an orc knight
  2449 | D        | Reached XP level 11. HP: 36/91 MP: 20/24
  2497 | D        | Reached skill level 10 in Short Blades
  2497 | D        | Reached skill level 10 in Long Blades
  2497 | D        | Reached skill level 10 in Axes
  2497 | D        | Reached skill level 10 in Maces & Flails
  2497 | D        | Reached skill level 10 in Polearms
  2497 | D        | Reached skill level 10 in Staves
  2497 | D        | Reached skill level 10 in Ranged Weapons
  2497 | D        | Reached skill level 10 in Throwing
  2497 | D        | Reached skill level 10 in Armour
  2497 | D        | Reached skill level 10 in Stealth
  2497 | D        | Reached skill level 10 in Shields
  2497 | D        | Reached skill level 10 in Spellcasting
  2497 | D        | Reached skill level 10 in Evocations
  2622 | D        | Noticed a vault guard
  2638 | D        | Killed an orc warlord
  2644 | D        | Noticed an orc knight
  2647 | D        | Killed an orc knight
  2655 | D        | Killed a vault guard
  2655 | D        | Received a gift from Okawaru
  2669 | D        | Noticed a nagaraja
  2670 | D        | Killed an orc knight
  2681 | D        | Killed an orc knight
  2690 | D        | Killed a nagaraja
  2690 | D        | Received a gift from Okawaru
  2726 | D        | Killed an orc warlord
  2726 | D        | Identified the scarf "Wamef" {repulsion, rF+} (Okawaru
                  | gifted it to you in the Dungeon)
  2726 | D        | Received a gift from Okawaru
  2947 | D        | Noticed a naga warrior
  2974 | D        | Killed a naga warrior
  2979 | D        | Killed an orc knight
  2983 | D        | Noticed an emperor scorpion
  2997 | D        | Killed an emperor scorpion
  2998 | D        | Reached XP level 12. HP: 42/101 MP: 22/27
  3312 | D        | Noticed a deep elf knight
  3314 | D        | Noticed a vault guard
  3320 | D        | Killed a deep elf knight
  3324 | D        | Killed a vault guard
  3325 | D        | Noticed a fire giant
  3325 | D        | Noticed a naga warrior
  3341 | D        | Killed a fire giant
  3342 | D        | Reached skill level 10 in Conjurations
  3342 | D        | Reached skill level 10 in Hexes
  3342 | D        | Reached skill level 10 in Summonings
  3342 | D        | Reached skill level 10 in Necromancy
  3342 | D        | Reached skill level 10 in Translocations
  3342 | D        | Reached skill level 10 in Transmutations
  3342 | D        | Reached skill level 10 in Fire Magic
  3342 | D        | Reached skill level 10 in Ice Magic
  3342 | D        | Reached skill level 10 in Air Magic
  3342 | D        | Reached skill level 10 in Earth Magic
  3342 | D        | Reached skill level 10 in Poison Magic
  3657 | D        | Killed a naga warrior
  4193 | D        | Noticed a vault guard
  4194 | D        | Noticed a deep elf knight
  4194 | D        | Noticed a vault guard
  4195 | D        | Noticed a naga warrior
  4204 | D        | Killed a vault guard
  4212 | D        | Killed a vault guard
  4215 | D        | Killed a deep elf knight
  4220 | D        | Killed a naga warrior
  4636 | D        | Noticed a five-headed hydra
  4642 | D        | Killed a five-headed hydra
  4937 | D        | Noticed an orc high priest
  4965 | D        | Killed an orc high priest
  4965 | D        | Received a gift from Okawaru
  5444 | D        | Noticed Maurice
  5451 | D        | Reached XP level 13. HP: 110/111 MP: 29/29
  5466 | D        | Killed Maurice
  5658 | D        | Noticed a shadow dragon
  5679 | D        | HP: 5/100 [skeletal warrior/+0 glaive of protection (12)]
  5682 | D        | Killed a shadow dragon
  5686 | D        | Hit by a large rock thrown by a cyclops

Illustrated notes

Levels and vault maps discovered:
D:        pitsprint [storerooms_1, entrance_room_1, metal_vault_6, armoury_2,
          mini_pit_1, grid_room_1, main_hall_1, silver_pit, the_coven_3,
          the_vestibule_1, steel_vault_5, golden_pit, hallway_of_sentries,
          crystal_vault_2, iron_vault_4, final_vault]

Skill      XL: |  1  2  3  4  5  6  7  8  9 10 11 12 13 |
---------------+----------------------------------------+-----
Short Blades   | 1 3 4 5 6 7 8 9 11 12 13 | 13.0
Long Blades    | 1 3 4 5 6 7 8 9 11 12 13 | 13.0
Axes           | 1 3 4 5 6 7 8 9 11 12 13 | 13.0
Maces & Flails | 1 3 4 5 6 7 8 9 11 12 13 | 13.0
Polearms       | 1 3 4 5 6 7 8 9 11 12 13 | 13.0
Staves         | 1 3 4 5 6 7 8 9 11 12 13 | 13.0
Ranged Weapons | 1 3 4 5 6 7 8 9 11 12 13 | 13.0
Throwing       | 1 3 4 5 6 7 8 9 11 12 13 | 13.0
Armour         | 1 3 4 5 6 7 8 9 11 12 13 | 13.0
Stealth        | 1 3 4 5 6 7 8 9 11 12 13 | 13.0
Shields        | 1 3 4 5 6 7 8 9 11 12 13 | 13.0
Spellcasting   | 1 3 4 5 6 7 8 9 11 12 13 | 13.0
Invocations    | 1 3 4 5 7 8 9 10 12 13 14 | 14.1
Evocations     | 1 3 4 5 6 7 8 9 11 12 13 | 13.0
Fighting       | 4 5 6 7 9 10 11 13 | 13.2
Dodging        | 5 6 7 8 9 10 12 13 | 13.7
Unarmed Combat | 7 8 9 10 11 13 14 | 14.4
Conjurations   | 2 3 4 5 6 7 8 9 10 11 | 11.0
Hexes          | 2 3 4 5 6 7 8 9 10 11 | 11.0
Summonings     | 2 3 4 5 6 7 8 9 10 11 | 11.0
Necromancy     | 2 3 4 5 6 7 8 9 10 11 | 11.0
Translocations | 2 3 4 5 6 7 8 9 10 11 | 11.0
Transmutations | 2 3 4 5 6 7 8 9 10 11 | 11.0
Fire Magic     | 2 3 4 5 6 7 8 9 10 11 | 11.0
Ice Magic      | 2 3 4 5 6 7 8 9 10 11 | 11.0
Air Magic      | 2 3 4 5 6 7 8 9 10 11 | 11.0
Earth Magic    | 2 3 4 5 6 7 8 9 10 11 | 11.0
Poison Magic   | 2 3 4 5 6 7 8 9 10 11 | 11.0
Shapeshifting  | 7 8 9 10 11 12 | 12.7

Action                     |  1- 3 |  4- 6 |  7- 9 | 10-12 | 13-15 || total
---------------------------+-------+-------+-------+-------+-------++-------
  Melee: Unarmed           |    12 |    29 |    82 |   289 |    40 ||   452
         Bite              |     1 |     2 |    14 |    51 |     3 ||    71
         Punch             |       |     2 |    12 |    29 |     4 ||    47
  Throw: Dart              |       |       |     7 |    13 |       ||    20
         Javelin           |       |       |       |     6 |       ||     6
 Invoke: Heroism           |       |     1 |     4 |     8 |     1 ||    14
         Finesse           |       |       |     1 |     7 |     1 ||     9
    Use: Potion            |       |     3 |     4 |    15 |     3 ||    25
         Scroll            |       |       |       |     1 |       ||     1
   Stab: Invisible         |       |       |     2 |     4 |       ||     6
         Distracted        |       |       |       |     1 |       ||     1
 Armour: Animal skin       |     2 |     2 |       |       |       ||     4
         Chain mail        |       |     8 |    11 |       |       ||    19
         Ring mail         |       |       |    10 |    13 |       ||    23
         Plate armour      |       |       |       |    25 |       ||    25
         Gold dragon scale |       |       |       |    55 |    32 ||    87
  Dodge: Dodged            |     3 |    17 |    42 |    83 |    11 ||   156

Table legend: (Time is in decaauts)
 A = Elapsed time spent in this place.
 B = Non-inter-level travel time spent in this place.
 C = Inter-level travel time spent in this place.
 D = Time resting spent in this place.
 E = Time spent auto-exploring this place.
 F = Levels seen in this place.
 G = Mean time per level.
                   A        B        C        D        E       F      G
               +--------+--------+--------+--------+--------+-----+--------+
         Total |   5529 |   5470 |     59 |   3814 |      7 |   1 | 5529.0 |
       Dungeon |   5529 |   5470 |     59 |   3814 |      7 |   1 | 5529.0 |
               +--------+--------+--------+--------+--------+-----+--------+

Top non-repeatable levels by time:
       D: 5529 daAuts
